 Dungeon Crawl Stone Soup version 0.29.1-2-gbd0b4ee654 (webtiles) character file.

Game seed: 2738905105569434120

51 DemonSlayer the Firebug (level 3, -3/24 HPs)
             Began as a Demonspawn Fire Elementalist on Oct 31, 2022.
             Killed from afar by a white imp (8 damage)
             ... with a puff of frost
             ... summoned by Natasha
             ... on level 2 of the Dungeon.
             The game lasted 00:03:21 (1256 turns).

DemonSlayer the Firebug (DsFE)                      Turns: 1256, Time: 00:03:23

Health: -3/24      AC:  3    Str:  8    XL:     3   Next: 57%
Magic:  2/6        EV: 12    Int: 18    God:
Gold:   5          SH:  0    Dex: 13    Spells: 4/7 levels left

rFire   . . .      SeeInvis .   c - +2 hand axe (venom)
rCold   . . .      Faith    .   (no shield)
rNeg    . . .      Spirit   .   a - +0 robe
rPois   .          Reflect  .   (no helmet)
rElec   .          Harm     .   (no cloak)
rCorr   .          Rampage  .   (no gloves)
Will    .....                   j - +0 pair of boots
Stlth   ++........              f - amulet of regeneration
HPRegen 0.88/turn               (no ring)
MPRegen 0.10/turn               (no ring)

@: slowed, very slow
A: spiny 1
a: no special abilities


You were on level 2 of the Dungeon.
You visited 1 branch of the dungeon, and saw 2 of its levels.

You collected 68 gold pieces.
You spent 63 gold pieces at shops.

Inventory:

Hand Weapons
 c - a +2 hand axe of venom (weapon)
Armour
 a - a +0 robe (worn)
 j - a +0 pair of boots (worn)
Jewellery
 d - a ring of fire
 f - an amulet of regeneration (around neck)
Scrolls
 e - a scroll of identify {unknown}
 g - 2 scrolls of teleportation {unknown}
 h - a scroll of poison {unknown}
 i - a scroll of enchant armour {unknown}
Potions
 b - a potion of magic


   Skills:
 + Level 0.3 Axes
 + Level 2.0 Dodging
 + Level 2.1 Stealth
 + Level 2.5 Spellcasting
 + Level 1.3 Conjurations
 + Level 3.3 Fire Magic


You had 4 spell levels left.
You knew the following spells:

 Your Spells              Type           Power      Damage    Failure   Level
a - Foxfire               Conj/Fire      40%        2x1d6     7%          1
b - Scorch                Fire           28%        2d6       7%          2

Your spell library contained the following spells:

 Spells                   Type           Power      Damage    Failure   Level
 Conjure Flame            Conj/Fire      10%        6-21      21%         3
 Ensorcelled Hibernation  Hex/Ice        4%         N/A       26%         2
 Passwall                 Tmut/Erth      1%         N/A       26%         2
 Inner Flame              Hex/Fire       8%         N/A       26%         3
 Swiftness                Air            2%         N/A       45%         3
 Flame Wave               Conj/Fire      10%        2d6       54%         4


Dungeon Overview and Level Annotations

Branches:
Dungeon (2/15)

Altars:

Shops:
D:1 *

Annotations:
D:2 Natasha


Innate Abilities, Weirdness & Mutations

You are partially covered in sharp spines.


Message History

Your foxfire dissipates!
The foxfire hits Natasha.
Natasha is severely wounded.
The foxfire hits Natasha.
Natasha is almost dead.
The foxfire hits the quokka.
The quokka is severely wounded.
The white imp shouts!
Natasha mumbles some strange words.
Natasha mumbles some strange words.
Natasha wildly gestures.
You feel troubled. Natasha casts a spell at you.
You feel yourself slow down.
A hobgoblin comes into view. It is wielding a +0 flail.
The hobgoblin shouts!
Natasha growls.
Found a stone staircase leading down.
The white imp gestures at you. The puff of frost hits you!
The quokka is struck by your spines.
You kill the quokka!
Natasha mumbles some strange words.
Natasha's front paws start to glow.
Natasha stares at you and mumbles some strange words.
The magic dart hits you. The hobgoblin attacks as you move away!
The hobgoblin is struck by your spines. The hobgoblin hits you with a +0 flail!
* * * LOW HITPOINT WARNING * * *
Natasha mumbles some strange words.
The hobgoblin is struck by your spines.
You kill the hobgoblin!
Natasha stares at you and mumbles some strange words.
The magic dart hits you.
* * * LOW HITPOINT WARNING * * *
Natasha casts a spell at you.
You feel as though you will be slow longer.
The white imp gestures at you. The puff of frost hits you!
You die...

.........# .........#
..#...
.........###....>## .
.........##.......#.....
.........##....... ..)..
................. .....
...............####.....
....#..5............#
..........##..5.@...#
............5h).#...# #
................#<#+#.#
................##....#
.................'....#
...##..........###†...#
...##....####### #....#
########## #....# #....#


You could see an iron imp (summoned), Natasha and a white imp (summoned).

Vanquished Creatures
  An adder (D:2)
  A worm (D:2)
  A dart slug (D:2)
  6 endoplasms
  2 giant cockroaches (D:1)
  2 goblins (D:1)
  3 hobgoblins
  A quokka (D:2)
  4 ball pythons (D:1)
  2 bats
  2 frilled lizards (D:1)
  2 kobolds (D:1)
  8 rats (D:1)
35 creatures vanquished.

Vanquished Creatures (others)
  72 foxfires
72 creatures vanquished.

Grand Total: 107 creatures vanquished

Notes
Turn   | Place    | Note
-------+----------+-------------------------------------------
     0 | D:1      | DemonSlayer the Demonspawn Fire Elementalist began the
                  | quest for the Orb.
     0 | D:1      | Reached XP level 1. HP: 13/13 MP: 3/3
   237 | D:1      | Found Sasal's Assorted Antiques.
   241 | D:1      | Reached skill level 3 in Fire Magic
   387 | D:1      | Gained mutation: You are partially covered in sharp spines.
                  | [demonic ancestry]
   387 | D:1      | Reached XP level 2. HP: 19/19 MP: 0/5
   444 | D:1      | Learned a level 2 spell: Scorch
   965 | D:1      | Bought a scroll labelled HYH JIWIAL for 21 gold pieces
   965 | D:1      | Bought a scroll labelled QIGRI FARY for 21 gold pieces
   965 | D:1      | Bought a scroll labelled CACAIL RORPHAUR for 21 gold pieces
  1155 | D:2      | Reached XP level 3. HP: 24/24 MP: 3/6
  1238 | D:2      | Noticed Natasha
  1256 | D:2      | Killed from afar by a white imp

Illustrated notes

Levels and vault maps discovered:
D:1:      dpeg_arrival_radiant, layout_loops_ring, serial_shops,
          nicolae_shop_waterfront
D:2:      layout_basic, minmay_close_crescents, uniq_natasha

Skill      XL: |  1  2  3 |
---------------+----------+-----
Fire Magic     | 3 |  3.3
Dodging        | 2 |  2.0
Stealth        | 2 |  2.1
Axes           | |  0.3
Spellcasting   | |  2.5
Conjurations   | |  1.3

Action                   || total
-------------------------++-------
Melee: Hand axe          ||    16
 Cast: Foxfire           ||    45
 Stab: Sleeping          ||     4
Armor: Robe              ||     3
Dodge: Dodged            ||    11
